Map: PT: Talisman

Players

MaxPax - Winner!

  • Race: Protoss Protoss
  • Spawn Location: 1:00

LiquidClem (Clem)

  • Race: Terran Terran
  • Spawn Location: 7:00

VOD

Have the link to the VOD?

Description

Time

  • Played on: Jan. 5, 2025, 5:01 p.m.
  • Length: 13:29
Show
View Real Time Build Order
Export as new Build Order

MaxPax Protoss - Winner!

Build Orders: 1 Gate Expand, Blink Stalkers 

Get SALT Encoding   

  12  0:00  Probe  
  13  0:12  Probe  
  14  0:17  Pylon  
  14  0:23  Probe  
  15  0:31  Probe  
  15  0:36  Gateway  
  15  0:39  Probe  
  16  0:45  Assimilator  
  17  0:51  Probe  
  18  1:03  Probe  
  19  1:15  Probe  
  20  1:22  Cybernetics Core  
  20  1:31  Nexus  
  20  1:33  Probe  
  21  1:42  Pylon  
  21  1:45  Probe  
  22  1:48  Assimilator  
  22  1:49  Adept  
  22  1:57  Probe  
  22  2:00  Warp Gate  
  25  2:10  Probe, Adept  
  26  2:22  Probe  
  29  2:26  Twilight Council  
  29  2:34  Probe, Blink  
  30  2:39  Stalker  
  30  2:44  Probe  
  33  2:46  Probe  
  34  2:53  Gateway  
  34  2:56  Probe  
  34  2:58  Probe  
  36  3:08  Probe  
  36  3:10  Probe  
  38  3:20  Probe  
  38  3:22  Probe  
  40  3:32  Probe  
  39  3:34  Probe  
  39  3:37  Robotics Facility  
  39  3:40  Gateway  
  40  3:43  Pylon  
  40  3:44  Probe  
  40  3:45  Pylon  
  40  3:46  Probe  
  42  3:49  Stalker  
  42  3:50  Stalker  
  46  4:01  Probe  
  47  4:07  Nexus  
  47  4:11  Pylon  
  47  4:13  Probe x2  
  48  4:25  Observer, Probe  
  48  4:26  Probe  
  48  4:28  Assimilator  
  51  4:31  Stalker x2  
  51  4:34  Stalker  
  57  4:39  Probe  
  57  4:40  Probe  
  57  4:45  Observer  
  60  4:46  Pylon  
  60  4:49  Forge  
  60  4:51  Probe  
  60  4:52  Probe  
  62  4:59  Stalker x2  
  66  5:00  Stalker  
  66  5:03  Probe  
  66  5:04  Observer  
  70  5:07  Probe  
  70  5:12  Charge  
  70  5:15  Probe  
  70  5:19  Probe  
  72  5:22  Probe  
  72  5:24  Probe  
  72  5:27  Probe  
  74  5:30  Probe, Protoss Ground Weapons Level 1  
  74  5:32  Probe  
  74  5:33  Gateway  
  74  5:35  Probe  
  76  5:38  Sentry, Gateway x2, Probe  
  81  5:44  Shield Battery  
  85  5:57  Gateway  
  85  5:58  Gateway  
  85  6:02  Pylon  
  83  6:04  Stalker x3  
  82  6:13  Observer, Warp Prism  
  82  6:24  Probe  
  82  6:25  Probe  
  81  6:27  Probe  
  81  6:29  Zealot x4  
  88  6:34  Zealot x2  
  88  6:36  Probe  
  88  6:37  Probe  
  92  6:47  Probe  
  92  6:52  Probe  
  92  6:53  Robotics Bay  
  93  6:54  Zealot x3, Stalker  
  93  6:58  Probe  
  101  7:07  Zealot x2  
  101  7:08  Pylon, Zealot x2  
  91  7:17  Zealot x3  
  94  7:27  Probe  
  94  7:29  Colossus  
  93  7:30  Zealot x5  
  93  7:34  Pylon  
  107  7:52  Zealot x5  
  99  8:11  Colossus  
  95  8:13  Probe  
  95  8:17  Extended Thermal Lance  
  95  8:18  Probe  
  93  8:21  Zealot x8  
  93  8:22  Nexus  
  115  8:29  Probe x2  
  115  8:30  Pylon  
  115  8:31  Assimilator  
  117  8:44  Probe x2  
  117  8:47  Sentry, Zealot x3  
  117  8:48  Zealot x2  
  119  9:01  Zealot x2  
  123  9:04  Pylon  
  123  9:08  Pylon x2  
  121  9:15  Pylon x2, Nexus  
  120  9:18  Colossus  
  120  9:24  Protoss Ground Weapons Level 2  
  120  9:29  Zealot x3  
  120  9:30  Stalker  
  102  9:52  Zealot x7  
  110  9:53  Zealot  
  110  9:58  Probe x2  
  110  9:59  Pylon  
  120  10:01  Observer  
  120  10:02  Warp Prism  
  118  10:17  Stalker x5  
  118  10:18  Stalker x2  
  132  10:24  Sentry  
  134  10:33  Colossus  
  134  10:41  Probe  
  141  10:45  Zealot x7  
  151  10:52  Pylon  
  139  11:06  Zealot x8  
  145  11:19  Probe  
  138  11:29  Sentry, Zealot x7  
  138  11:30  Colossus  
  154  11:34  Probe  
  154  11:39  Gateway  
  161  11:40  Gateway  
  159  11:50  Zealot x7  
  173  12:10  Zealot x4  
  173  12:12  Zealot x2  
  173  12:14  Colossus  
Show
View Real Time Build Order
Export as new Build Order

LiquidClem Terran 

Build Orders:  

Get SALT Encoding   

  12  0:00  SCV  
  13  0:12  SCV  
  14  0:16  Supply Depot  
  14  0:24  SCV  
  15  0:38  SCV  
  15  0:40  Barracks  
  16  0:42  Refinery  
  16  0:50  SCV  
  17  1:02  SCV  
  18  1:14  SCV  
  19  1:26  Marine  
  19  1:27  Orbital Command  
  20  1:43  Command Center  
  20  1:45  Barracks Reactor  
  20  1:51  Supply Depot  
  20  1:54  SCV  
  21  2:03  Factory  
  21  2:06  SCV  
  22  2:12  Refinery  
  22  2:19  SCV  
  22  2:21  Marine x2  
  25  2:31  SCV  
  26  2:39  Marine x2  
  26  2:44  SCV  
  29  2:48  Hellion, Starport  
  31  2:55  Orbital Command  
  31  2:56  SCV  
  32  2:59  Marine  
  32  3:01  Marine  
  34  3:09  Widow Mine  
  34  3:11  SCV  
  37  3:20  Marine x2  
  37  3:21  SCV  
  37  3:23  SCV  
  41  3:27  Medivac  
  41  3:32  Factory Tech Lab  
  41  3:33  SCV  
  43  3:35  SCV  
  43  3:38  Supply Depot  
  44  3:46  Barracks, SCV  
  44  3:47  SCV  
  46  3:54  Supply Depot  
  46  3:57  Starport Tech Lab  
  46  3:59  SCV, Siege Tank  
  46  4:00  SCV  
  51  4:04  Marine x2  
  53  4:11  SCV  
  53  4:16  Raven  
  56  4:17  SCV, Supply Depot  
  56  4:21  Marine  
  56  4:22  Marine  
  59  4:24  SCV  
  58  4:31  Barracks, Siege Tank  
  58  4:35  Supply Depot  
  58  4:36  Marine  
  62  4:38  SCV  
  62  4:39  SCV  
  62  4:41  Marine x2  
  66  4:46  Supply Depot  
  66  4:50  SCV  
  66  4:51  SCV  
  66  4:52  Viking  
  70  4:56  Marine  
  70  4:57  Supply Depot  
  70  4:58  Refinery  
  71  5:02  SCV  
  71  5:04  Siege Tank  
  71  5:06  Marine x2  
  77  5:07  SCV  
  77  5:11  Supply Depot  
  78  5:15  SCV  
  78  5:20  SCV  
  79  5:29  SCV  
  79  5:31  Stimpack  
  79  5:32  Supply Depot, Marauder  
  79  5:33  Refinery  
  79  5:34  Marine x2  
  83  5:37  SCV  
  85  5:42  SCV  
  85  5:43  Combat Shield, Engineering Bay  
  85  5:45  Marauder  
  87  5:54  Marine x2  
  87  5:56  Command Center  
  87  5:58  Marauder, Starport Reactor  
  87  5:59  Factory Reactor  
  87  6:01  SCV  
  87  6:03  SCV  
  91  6:07  Marauder  
  93  6:15  Marine  
  93  6:16  Marine  
  93  6:17  SCV  
  91  6:19  Marauder  
  91  6:23  Terran Infantry Weapons Level 1  
  91  6:24  SCV  
  90  6:29  Supply Depot, Marauder  
  92  6:33  Marine x2  
  92  6:36  Medivac  
  92  6:38  Widow Mine x2  
  100  6:41  Marauder  
  99  6:50  Marauder  
  99  6:51  Marine x2  
  99  6:52  Barracks, SCV  
  99  6:53  Barracks, SCV  
  105  6:57  Medivac  
  105  6:58  Supply Depot  
  107  7:02  Marauder  
  107  7:05  Widow Mine  
  101  7:09  Marine x2  
  101  7:10  Widow Mine  
  101  7:12  Medivac, Marauder  
  101  7:15  SCV  
  93  7:23  Marauder  
  93  7:25  SCV  
  93  7:27  Marine x2, Medivac  
  93  7:29  Widow Mine  
  100  7:33  Widow Mine, Marauder  
  100  7:34  Concussive Shells, SCV  
  105  7:38  SCV  
  105  7:42  Barracks Reactor, Barracks Tech Lab  
  105  7:43  Orbital Command  
  106  7:45  Marine x2, Marauder  
  106  7:46  SCV  
  106  7:48  Viking  
  106  7:51  SCV  
  114  7:54  Marauder  
  114  7:59  Widow Mine x2  
  114  8:01  SCV, Marauder  
  114  8:02  Marine x2  
  115  8:09  SCV, Marauder  
  118  8:13  Viking  
  118  8:16  SCV, Marauder  
  118  8:17  SCV, Supply Depot  
  122  8:20  Marine x2  
  122  8:21  Viking  
  122  8:22  Marine x2, Marauder  
  122  8:25  Bunker  
  122  8:26  Supply Depot  
  126  8:28  Widow Mine  
  126  8:29  Widow Mine  
  126  8:30  SCV x2  
  126  8:32  Terran Infantry Armor Level 1  
  126  8:33  SCV  
  133  8:35  Marauder  
  133  8:39  Supply Depot, Marauder  
  133  8:40  Marine x2  
  139  8:43  Marine  
  139  8:44  Marine  
  139  8:46  Marauder  
  138  8:55  Marine, Widow Mine  
  138  8:58  Marine  
  138  9:00  Widow Mine, Marauder  
  138  9:01  Marine  
  145  9:05  Marine x2  
  145  9:07  Marauder  
  145  9:08  Supply Depot  
  149  9:10  Medivac  
  149  9:12  Supply Depot  
  149  9:14  Marauder  
  149  9:15  Supply Depot  
  153  9:18  Widow Mine  
  153  9:20  Viking  
  153  9:21  Marauder  
  153  9:22  Marine x2  
  161  9:24  Widow Mine  
  161  9:26  Marine  
  161  9:29  Marine  
  161  9:30  Marauder  
  167  9:35  Marauder  
  153  9:39  Widow Mine  
  153  9:40  Marine x2  
  153  9:43  Marauder  
  153  9:44  Marine  
  140  9:46  Widow Mine  
  140  9:48  Medivac, Marine  
  140  9:51  Marauder  
  143  9:54  Refinery  
  143  9:55  Command Center, Refinery  
  143  9:57  Marauder  
  143  9:58  Ghost Academy, Marine x2  
  147  10:03  Marine  
  148  10:07  Medivac  
  148  10:08  Widow Mine  
  148  10:09  Marine  
  148  10:11  Marauder  
  148  10:12  Widow Mine  
  157  10:14  Supply Depot  
  157  10:16  Supply Depot  
  157  10:20  Marine x2  
  159  10:22  Marine  
  159  10:23  Marauder  
  159  10:24  Marine  
  163  10:28  Sensor Tower, Viking  
  163  10:30  Marine  
  166  10:36  Supply Depot, Marauder  
  166  10:39  Widow Mine x2  
  170  10:44  Viking  
  170  10:45  Marine  
  170  10:46  Marine x2  
  175  10:50  Supply Depot  
  175  10:55  Ghost  
  176  10:57  Marine  
  176  10:59  Ghost  
  176  11:01  Marine  
  162  11:05  Marine  
  162  11:09  Marine  
  154  11:12  Marine  
  154  11:16  Viking  
  153  11:19  Ghost  
  153  11:20  Viking  
  153  11:23  Marine  
  153  11:24  Widow Mine  
  151  11:26  Marine  
  151  11:28  Ghost  
  151  11:31  Marine  
  153  11:33  Ghost  
  153  11:34  Marine  
  153  11:37  SCV  
  153  11:38  SCV  
  159  11:45  Marine  
  151  12:02  Marine  
  151  12:06  Marine x2  
  151  12:07  Marine  
  157  12:08  Marauder  
  157  12:09  SCV  
  157  12:10  Marauder  
  157  12:14  Widow Mine x2, SCV  
  157  12:15  SCV  
  159  12:19  Marine  
  159  12:21  SCV  
  153  12:24  Marine x3  
  153  12:30  Marauder  
Tags
 
Add a new tag
Caveats
  • Supply blocks, unpowered buildings, or Contaminate may cause inaccurate times.
  • Supply counts are checked every 10 seconds.